 Dungeon Crawl Stone Soup version 0.27.1-34-g3ba077fa99 (webtiles) character file.

Game seed: 16536306220924023674

25 Hugehornet the Insei (level 3, -1/23 HPs)
             Began as an Octopode Transmuter on Jan 19, 2022.
             Slain by a kobold (3 damage)
             ... on level 3 of the Dungeon.
             The game lasted 00:02:50 (2131 turns).

Hugehornet the Insei (Octopode Transmuter)          Turns: 2131, Time: 00:02:51

Health: -1/23      AC:  1    Str:  9    XL:     3   Next: 4%
Magic:  2/6        EV: 17    Int: 16    God:
Gold:   55         SH:  0    Dex: 12    Spells: 3/6 levels left

rFire    . . .     SeeInvis .     - Unarmed
rCold    . . .     Faith    .   (no shield)
rNeg     . . .     Spirit   .   (helmet currently unavailable)
rPois    .         Reflect  .   (no amulet)
rElec    .         Harm     .   e - +4 ring of evasion
rCorr    .         Rampage  .   (no ring)
Will     .....                  (no ring)
Stlth    ++........             (no ring)
HPRegen  0.07/turn              (no ring)
MPRegen  0.10/turn              (no ring)
                                (no ring)
                                (no ring)

@: appendages
A: tentacle spike 3, almost no armour, amphibious, 8 rings, camouflage 1,
gelatinous body 1, (nimble swimmer 1), tentacles
a: End Transformation


You were on level 3 of the Dungeon.
One of your tentacles had grown a beastly spike.
You visited 1 branch of the dungeon, and saw 3 of its levels.

You collected 55 gold pieces.

Inventory:

Jewellery
 e - a +4 ring of evasion (left tentacle)
Scrolls
 a - 4 scrolls of teleportation {unknown}
 c - a scroll of fear {unknown}
 d - 2 scrolls of identify {unknown}
 h - a scroll of vulnerability {unknown}
Potions
 b - a potion of heal wounds {unknown}
 f - 2 potions of berserk rage {unknown}
 g - a potion of attraction {unknown}


   Skills:
 + Level 1.2 Fighting
 + Level 2.1 Dodging
 + Level 0.9 Stealth
 * Level 3.3 Unarmed Combat
 + Level 2.1 Spellcasting
 * Level 2.5 Transmutations


You had 3 spell levels left.
You knew the following spells:

 Your Spells              Type           Power      Damage    Failure   Level
a - Beastly Appendage     Tmut           18%        N/A       8%          1
b - Wereblood             Tmut           9%         N/A       11%         2

Your spell library contained the following spells:

 Spells                   Type           Power      Damage    Failure   Level
 Spider Form              Tmut/Pois      2%         N/A       36%         3
 Ice Form                 Ice/Tmut       5%         N/A       77%         4


Dungeon Overview and Level Annotations

Branches:
Dungeon (3/15)

Altars:
Nemelex Xobeh
Beogh


Innate Abilities, Weirdness & Mutations

One of your tentacles has grown a beastly spike.
You cannot wear most types of armour.
You are amphibious.
You can wear up to eight rings at the same time.
Your skin changes colour to match your surroundings (Stealth+).
Your rubbery body absorbs attacks. (AC +1, EV +1)
((You are camouflaged near water. (Stealth+)))
You have tentacles for arms and can constrict up to eight enemies at once.


Message History

The orc priest barely misses you. The kobold barely misses you.
You tentacle-slap the orc priest but do no damage.
You grab the orc priest.
You pierce the orc priest, but do no damage.
The orc priest is moderately wounded.
You constrict the orc priest. The orc priest misses you.
The kobold hits you with a +0 whip.
You tentacle-slap the orc priest but do no damage.
You pierce the orc priest, but do no damage.
The orc priest is moderately wounded.
You constrict the orc priest, but do no damage.
The orc priest closely misses you.
You tentacle-slap the orc priest but do no damage.
You squeeze the orc priest.
The orc priest is severely wounded.
You constrict the orc priest. The kobold closely misses you.
The orc priest hits you with a +1 antimagic whip.
You feel your power leaking away.
You tentacle-slap the orc priest but do no damage.
The orc priest is severely wounded.
You constrict the orc priest. The kobold barely misses you.
The orc priest hits you with a +1 antimagic whip.
You feel your power leaking away.
You are too injured to fight recklessly!
You are too injured to fight recklessly!
You are too injured to fight recklessly!
You tentacle-slap the orc priest but do no damage.
You pierce the orc priest, but do no damage.
The orc priest is almost dead.
You constrict the orc priest, but do no damage.
The kobold hits you but does no damage.
You tentacle-slap the orc priest but do no damage.
You squeeze the orc priest, but do no damage.
The orc priest is almost dead.
You constrict the orc priest.
The orc priest mumbles some strange prayers to Beogh against you.
Pain shoots through your body!
* * * LOW HITPOINT WARNING * * *
The kobold hits you with a +0 whip.
You die...

###
##.########
#@o........
##K#.......
#.#.######
....#
.(....
.K(....
....$....
..........#


You could see an orc priest and a kobold.

Vanquished Creatures
  An orc (D:2)
  A bat (D:1)
  2 endoplasms
  A giant cockroach (D:1)
  3 goblins
  2 hobgoblins (D:1)
  3 kobolds
  2 quokkas
  A ball python (D:2)
  3 frilled lizards (D:1)
  2 rats
21 creatures vanquished.

Notes
Turn   | Place    | Note
-------+----------+-------------------------------------------
     0 | D:1      | Hugehornet the Octopode Transmuter began the quest for the
                  | Orb.
     0 | D:1      | Reached XP level 1. HP: 13/13 MP: 3/3
    59 | D:1      | Found a faded altar of an unknown god.
   327 | D:1      | Reached XP level 2. HP: 11/18 MP: 3/5
   334 | D:1      | Learned a level 2 spell: Wereblood
  1157 | D:2      | Found a sparkling altar of Nemelex Xobeh.
  2031 | D:2      | Reached XP level 3. HP: 16/23 MP: 6/6
  2131 | D:3      | Slain by a kobold

Illustrated notes

Levels and vault maps discovered:
D:1:      ebering_hopf_link, layout_loops_ring,
          hellmonk_ecumenical_altar_defaced_shrine
D:2:      layout_basic, basic_altar
D:3:      layout_loops_ring, ebering_ghost_inner_flame,
          chequers_decorated_corner, uniq_sigmund

Action                   || total
-------------------------++-------
Melee: Unarmed           ||    49
       Constrict         ||    13
       Tentacles         ||    10
       Kick              ||    10
 Cast: Beastly Appendage ||    20
 Stab: Sleeping          ||     4
Armor: Skin              ||     2
Dodge: Dodged            ||    42
